 Dungeon Crawl Stone Soup version 0.17-a0-2073-gde5cdba (webtiles) character file.

127 tp1 the Conjurer (level 4, -7/24 HPs)
             Began as a Deep Elf Conjurer on Oct 14, 2015.
             Killed from afar by a white imp (9 damage)
             ... with a puff of frost
             ... summoned by Natasha
             ... on level 2 of the Dungeon.
             The game lasted 00:10:53 (1871 turns).

tp1 the Conjurer (Deep Elf Conjurer)                Turns: 1871, Time: 00:10:54

Health: -7/24      AC:  4    Str:  5    XL:     4   Next: 85%
Magic:  7/10       EV: 12    Int: 21    God:
Gold:   98         SH:  0    Dex: 15    Spells: 1 memorised, 8 levels left

rFire  . . .     SeeInvis .     (no weapon)
rCold  . . .     Clarity  .     h - +0 leather armour
rNeg   . . .     SustAt   .     (no shield)
rPois  .         Gourm    .     d - +0 helmet
rElec  .         Spirit   .     (no cloak)
rCorr  .         Warding  .     (no gloves)
rMut   .         Stasis   .     (no boots)
MR     .....                    (no amulet)
Stlth  ++........               (no ring)
                                (no ring)

@: not resistant to hostile enchantments, unstealthy
A: no striking features
a: no special abilities


You were on level 2 of the Dungeon.
You were hungry.

You visited 1 branch of the dungeon, and saw 2 of its levels.

You collected 98 gold pieces.

Inventory:

Missiles
 i - 22 poisoned needles
Armour
 d - a +0 helmet (worn)
 h - a +0 leather armour (worn)
Jewellery
 f - a cursed ring of teleportation {unknown}
Scrolls
 j - a scroll of remove curse {unknown}
 k - a scroll of identify {unknown}
 m - 4 scrolls of amnesia {unknown}
 n - a scroll of teleportation {unknown}
Potions
 e - a potion of degeneration {unknown}
 g - a potion of heal wounds {unknown}
Books
 b - a book of Conjurations

   Spells                             Type                      Level
   a - Magic Dart                     Conjuration                  1
   b - Searing Ray                    Conjuration                  2
   c - Dazzling Spray                 Conjuration/Hexes            3
   d - Fulminant Prism                Conjuration/Hexes            4
   e - Iskenderun's Mystic Blast      Conjuration                  4
   f - Iskenderun's Battlesphere      Conjuration/Charms           5
Comestibles
 a - a royal jelly
 c - a bread ration
 l - a beef jerky
 o - a slice of pizza


   Skills:
 - Level 2.4 Dodging
 - Level 2.4 Stealth
 - Level 3.0 Spellcasting
 * Level 6.8 Conjurations


You had 8 spell levels left.
You knew the following spells:

 Your Spells              Type           Power        Failure   Level  Hunger
a - Magic Dart            Conj           ####         1%          1    None


Dungeon Overview and Level Annotations

Branches:
Dungeon (2/15)

Altars:

Annotations:
D:2 Natasha


Message History

You kill the gnoll!
Natasha hisses angrily.
Natasha stares at you and mumbles some strange words.
The magic dart hits you!
* * * LOW HITPOINT WARNING * * *
The gnoll throws a throwing net.
The throwing net completely misses you.
A gnoll comes into view. It is wielding a flail.
Natasha mumbles some strange words.
You see here a robe.
Natasha casts a spell.
The white imp shouts!
The gnoll shouts!
Something shouts, "Take thy face hence, thou puny sow-suckled bum-bailey!"
The white imp gestures at you. The puff of frost hits you!
* * * LOW HITPOINT WARNING * * *
Natasha casts a spell.
The gnoll barely misses you. The white imp gestures at you.
The puff of frost hits you!
You die...

#............#
########.###.###.####
#........# #.#
#.#########
#.######.###.#
#.......... #.....#
########### # ###†#.#
#######
#.#############.#.#
####......
.#.g............#.#
#.........
.gg...5.......@.#.#
#.##.####.
#.......####.#.#
#<##.# #.
#(#..###....# #.##.#
#.
#.#..##g###.####.##.#
#. #.#.....#
#5........# #.
##[#.###.###....#.####
#. #....5g.h5.5......#
#. ##.#######.####.#.#
#. ### #.# .#.# #[


You could see a white imp.

Vanquished Creatures
  Ijyb (D:2)
  Jessica (D:2)
  A gnoll (D:2)
  3 adders (D:2)
  An ooze (D:1)
  A ball python (D:1)
  5 goblins
  A hobgoblin (D:1)
  3 jackals (D:1)
  3 kobolds
  A quokka (D:2)
  5 bats (D:1)
  A giant cockroach (D:1)
  A giant gecko (D:1)
  5 rats (D:1)
33 creatures vanquished.

Notes
Turn   | Place    | Note
--------------------------------------------------------------
     0 | D:1      | tp1 the Deep Elf Conjurer began the quest for the Orb.
     0 | D:1      | Reached XP level 1. HP: 10/10 MP: 6/6
   183 | D:1      | Reached XP level 2. HP: 15/15 MP: 5/8
   226 | D:1      | Reached skill level 5 in Conjurations
   798 | D:1      | Reached XP level 3. HP: 19/19 MP: 6/9
  1208 | D:2      | Noticed Ijyb
  1485 | D:2      | Killed Ijyb
  1485 | D:2      | Reached skill level 6 in Conjurations
  1485 | D:2      | Reached XP level 4. HP: 24/24 MP: 0/10
  1740 | D:2      | Noticed Jessica
  1771 | D:2      | Killed Jessica
  1852 | D:2      | Noticed Natasha
  1862 | D:2      | HP: 1/24 [white imp/puff of frost[Natasha] (7)]
  1871 | D:2      | Killed from afar by a white imp

Vault maps used:
D:1:      shiori_shiawase, minivault_25
D:2:      lemuel_crystal_altar, uniq_iyjb, uniq_jessica, uniq_sigmund,
          uniq_natasha

Action                   |  1- 3 |  4- 6 || total
-------------------------+-------+-------++-------
Melee: Unarmed           |     1 |       ||     1
 Cast: Magic Dart        |    61 |    32 ||    93
  Eat: Chunk             |       |     2 ||     2
